 Dungeon Crawl Stone Soup version 0.29-a0-340-g6efceafd81 (webtiles) character file.

Game seed: 10143479311886395076

646 enile the Conjurer (level 7, -4/55 HPs)
             Began as a Demigod Conjurer on Apr 20, 2022.
             Shot with an arrow by a centaur (7 damage)
             ... on level 5 of the Dungeon.
             The game lasted 00:04:29 (5192 turns).

enile the Conjurer (Demigod Conjurer)               Turns: 5192, Time: 00:04:29

Health: -4/55      AC:  2    Str:  8    XL:     7   Next: 6%
Magic:  9/12       EV: 13    Int: 28    God:
Gold:   204        SH:  0    Dex: 12    Spells: 6/9 levels left

rFire   + . .      SeeInvis .   t - +9 quarterstaff "Xuwotew" {holy, Fragile rN+++ rCorr}
rCold   x . .      Faith    .   (shield currently unavailable)
rNeg    + + +      Spirit   .   a - +0 robe
rPois   .          Reflect  .   (no helmet)
rElec   .          Harm     .   (no cloak)
rCorr   +          Rampage  .   (no gloves)
Will    .....                   (no boots)
Stlth   ++........              (no amulet)
HPRegen 0.18/turn               c - ring of fire
MPRegen 0.13/turn               (no ring)

@: no status effects
A: high MP 1, forlorn, divine attributes
a: no special abilities


You were on level 5 of the Dungeon.
You visited 1 branch of the dungeon, and saw 5 of its levels.

You collected 204 gold pieces.

Inventory:

Hand Weapons
 g - a +0 dagger
 h - a +0 dagger of venom
 j - a +3 hand axe of freezing
 o - the +3 hunting sling "Gajawiuc" {speed, rC- Str+6}
   (You found it on level 3 of the Dungeon)

   Attacks with this weapon are significantly faster.
   Str:       It affects your strength (+6).
   rC:        It makes you vulnerable to cold.
 t - the +9 quarterstaff "Xuwotew" (weapon) {holy, Fragile rN+++ rCorr}
   (You found it on level 3 of the Dungeon)

   It has been blessed by the Shining One to cause great damage to the undead
   and demons.
   rN:        It renders you almost immune to negative energy.
   rCorr:     It protects you from acid and corrosion.
   Fragile:   It will be destroyed if unequipped.
 u - a +0 great mace
Armour
 a - a +0 robe (worn)
Jewellery
 c - a ring of fire (left hand)
Wands
 l - a wand of digging (6)
 s - a wand of mindburst (13)
Scrolls
 e - a scroll of fear {unknown}
 f - a scroll of identify {unknown}
 i - 2 scrolls of teleportation {unknown}
 n - a scroll of enchant armour {unknown}
 q - 3 scrolls of noise {unknown}
 w - a scroll of magic mapping {unknown}
 y - a scroll of enchant weapon {unknown}
Potions
 b - a potion of magic
 d - a potion of curing {unknown}
 k - 2 potions of heal wounds {unknown}
 m - a potion of berserk rage {unknown}
 p - a potion of resistance {unknown}
 r - a potion of attraction {unknown}
 v - a potion of cancellation {unknown}
 x - 2 potions of brilliance {unknown}
 z - a potion of flight {unknown}


   Skills:
 - Level 2.0 Fighting
 - Level 4.0 Dodging
 - Level 1.7 Stealth
 - Level 1.7 Spellcasting
 - Level 5.0 Conjurations
 + Level 4.5 Evocations


You had 6 spell levels left.
You knew the following spells:

 Your Spells              Type           Power      Damage    Failure   Level
a - Magic Dart            Conj           100%       1d8       1%          1
b - Searing Ray           Conj           60%        2d6       1%          2

Your spell library contained the following spells:

 Spells                   Type           Power      Damage    Failure   Level
 Dazzling Flash           Conj/Hex       32%        N/A       10%         3
 Fulminant Prism          Conj/Hex       8%         3d7       32%         4
 Iskenderun's Mystic Bla  Conj/Tloc      16%        2d5       32%         4


Dungeon Overview and Level Annotations

Branches:
Dungeon (5/15)
 Temple: D:4-7

Shops:
D:1 (


Innate Abilities, Weirdness & Mutations

You have an increased reservoir of magic. (+10% MP)
You shall have no god before yourself.
Your divine heritage dramatically boosts your attributes as you level up.


Message History

Your Evocations skill increases to level 4!
You have reached level 7!
A centaur comes into view.
The centaur shouts!
The centaur wields a +0 shortbow.
The centaur shoots an arrow.
The arrow hits you!
A centaur is nearby!
A centaur is nearby!
Casting: Magic Dart (safe; 1% risk of failure)
Confirm with . or Enter, or press ? or * to list all spells.
Aiming: Magic Dart (safe; 1% risk of failure)
Press: ? - help, Shift-Dir - straight line, f - centaur
Aim: a centaur, wielding a +0 shortbow (100% to hit)
The magic dart hits the centaur.
The centaur is moderately wounded.
The centaur shoots an arrow.
The arrow hits you!
A centaur is nearby!
Casting: Magic Dart (safe; 1% risk of failure)
Confirm with . or Enter, or press ? or * to list all spells.
Aiming: Magic Dart (safe; 1% risk of failure)
Press: ? - help, Shift-Dir - straight line, f/p - centaur
Aim: a centaur, wielding a +0 shortbow (moderately wounded, 100% to hit)
The magic dart hits the centaur.
The centaur is heavily wounded.
The centaur shoots an arrow.
The arrow hits you!
The centaur shoots an arrow.
The arrow hits you!
* * * LOW HITPOINT WARNING * * *
A centaur is nearby!
Casting: Magic Dart (safe; 1% risk of failure)
Confirm with . or Enter, or press ? or * to list all spells.
Aiming: Magic Dart (safe; 1% risk of failure)
Press: ? - help, Shift-Dir - straight line, f/p - centaur
Aim: a centaur, wielding a +0 shortbow (heavily wounded, 100% to hit)
The magic dart hits the centaur.
The centaur is severely wounded.
The centaur shoots an arrow.
The arrow hits you!
* * * LOW HITPOINT WARNING * * *
The centaur shoots an arrow.
The arrow barely misses you.
The centaur shoots an arrow.
The arrow hits you!
You die...

..........#
#...)...#
..........#
#.......#
..........#
#.:[......
......(...#
#......###
..........#
#......#
..........#
#......#
..........#
#######.###
#.@####
##....####≈
#....P..c.
##...####≈
#####


You could see a centaur.

Vanquished Creatures
  A sky beast (D:5)
  An ogre (D:5)
  A black bear (D:3)
  A scorpion (D:4)
  2 hounds (D:4)
  4 iguanas
  7 adders
  2 worms (D:3)
  A dart slug (D:2)
  7 orcs
  5 endoplasms
  4 giant cockroaches
  10 goblins
  4 hobgoblins
  5 quokkas
  12 ball pythons
  7 bats
  2 frilled lizards
  6 kobolds
  7 rats
89 creatures vanquished.

Notes
Turn   | Place    | Note
-------+----------+-------------------------------------------
     0 | D:1      | enile the Demigod Conjurer began the quest for the Orb.
     0 | D:1      | Reached XP level 1. HP: 14/14 MP: 5/5
    40 | D:1      | Found Zedghas's Weapon Boutique.
   244 | D:1      | Reached skill level 4 in Conjurations
   330 | D:1      | Reached XP level 2. HP: 20/20 MP: 5/7
   333 | D:1      | Learned a level 2 spell: Searing Ray
  1430 | D:2      | Reached XP level 3. HP: 26/26 MP: 5/8
  2034 | D:2      | Reached skill level 5 in Conjurations
  2183 | D:2      | Reached skill level 1 in Fighting
  2498 | D:3      | Reached XP level 4. HP: 35/35 MP: 5/9
  2559 | D:3      | Identified the +3 hunting sling "Gajawiuc" {speed, rC-
                  | Str+6}
  2718 | D:3      | Noticed a black bear
  2725 | D:3      | Killed a black bear
  2726 | D:3      | Reached XP level 5. HP: 25/41 MP: 5/10
  3535 | D:3      | Identified the +9 quarterstaff "Xuwotew" {holy, Fragile
                  | rN+++ rCorr}
  4089 | D:4      | Reached skill level 1 in Evocations
  4297 | D:4      | Reached XP level 6. HP: 24/48 MP: 5/11
  4893 | D:5      | Entered Level 5 of the Dungeon
  5131 | D:5      | Reached XP level 7. HP: 47/55 MP: 10/12
  5190 | D:5      | HP: 2/55 [centaur/arrow (7)]
  5192 | D:5      | Shot with an arrow by a centaur

Illustrated notes

Levels and vault maps discovered:
D:1:      minmay_arrival_radiant_lines, layout_loops_ring, serial_shops,
          nicolae_shop_bloodbath_and_beyond,
          shapermc_ecumenical_altar_mp_highgroup, minmay_misc_feat_columns,
          hex_medium, chequers_serial_rivers_micro_e,
          minmay_misc_feat_nine_boxes, nrook_mini_backslash,
          minmay_tiny_reverse_x
D:2:      minmay_chambers_of_ones, layout_loops_ring
D:3:      layout_basic
D:4:      layout_gridville, minivault_25
D:5:      cheibrodos_fzero, layout_basic, temple_green, serial_shops,
          nicolae_shop_temple_entry_statues_fountains, kb_lookout_dungeons_type

Skill      XL: |  1  2  3  4  5  6 |
---------------+-------------------+-----
Conjurations   | 4 5 |  5.0
Fighting       | 1 2 |  2.0
Dodging        | 3 4 |  4.0
Evocations     | 1 4 |  4.5
Stealth        | |  1.7
Spellcasting   | |  1.7

Action                   |  1- 3 |  4- 6 |  7- 9 || total
-------------------------+-------+-------+-------++-------
Melee: Dagger            |     9 |       |       ||     9
       Unarmed           |     2 |       |       ||     2
       Quarterstaff      |       |    29 |       ||    29
 Fire: Hunting sling     |       |    49 |       ||    49
 Cast: Magic Dart        |    76 |    42 |     3 ||   121
       Searing Ray       |    14 |     6 |       ||    20
Armor: Robe              |     4 |     5 |       ||     9
Dodge: Dodged            |    18 |    31 |     1 ||    50

Table legend: (Time is in decaauts)
 A = Elapsed time spent in this place.
 B = Non-inter-level travel time spent in this place.
 C = Inter-level travel time spent in this place.
 D = Time resting spent in this place.
 E = Time spent auto-exploring this place.
 F = Levels seen in this place.
 G = Mean time per level.
                   A        B        C        D        E       F      G
               +--------+--------+--------+--------+--------+-----+--------+
         Total |   5197 |   5055 |    142 |      0 |   4591 |   5 | 1039.4 |
       Dungeon |   5197 |   5055 |    142 |      0 |   4591 |   5 | 1039.4 |
               +--------+--------+--------+--------+--------+-----+--------+

Top non-repeatable levels by time:
     D:1: 1424 daAuts
     D:4: 1249 daAuts
     D:3: 1168 daAuts
     D:2: 1051 daAuts
     D:5: 302 daAuts
